 Dungeon Crawl Stone Soup version 0.26-a0-43-g20b394c (webtiles) character file.

Game seed: 11859439006955612504

161 chickenBob the Skirmisher (level 5, -4/54 HPs)
             Began as an Ogre Skald on June 2, 2020.
             Was an Initiate of Kikubaaqudgha.
             Slain by Robin
             ... wielding a +0 vampiric trident
              (10 damage)
             ... on level 4 of the Dungeon.
             The game lasted 00:08:21 (3721 turns).

chickenBob the Skirmisher (Ogre Skald)              Turns: 3721, Time: 00:08:22

Health: -4/54      AC:  7    Str: 16    XL:     5   Next: 42%
Magic:  1/10       EV: 10    Int: 20    God:    Kikubaaqudgha [......]
Gold:   181        SH:  0    Dex:  8    Spells: 3/11 levels left

rFire    . . .     SeeInvis .   a - +0 hand axe
rCold    . . .     Gourm    .   (no shield)
rNeg     . . .     Faith    .   b - +0 robe
rPois    .         Spirit   .   (helmet restricted)
rElec    .         Reflect  .   (no cloak)
rCorr    .         Harm     .   (gloves unavailable)
MR       .....                  (boots unavailable)
Stlth    +.........             (no amulet)
HPRegen  0.18/turn              e - +6 ring of intelligence
MPRegen  0.12/turn              j - +4 ring of protection

@: singing
A: large, unfitting armour, tough skin 1
a: Renounce Religion


You were on level 4 of the Dungeon.
You worshipped Kikubaaqudgha.
Kikubaaqudgha was noncommittal.
You were not hungry.

You visited 1 branch of the dungeon, and saw 4 of its levels.

You collected 181 gold pieces.

Inventory:

Hand Weapons
 a - a +0 hand axe (weapon)
 f - a +3 dagger of venom
Missiles
 g - 3 datura-tipped darts (quivered)
Armour
 b - a +0 robe (worn)
Jewellery
 e - a +6 ring of intelligence (left hand)
 j - a +4 ring of protection (right hand)
Scrolls
 n - a scroll of immolation
Potions
 c - a potion of heal wounds {unknown}
 k - a potion of curing {unknown}
 m - a potion of berserk rage
 q - a potion of lignification {unknown}
 t - a potion of stabbing {unknown}
Comestibles
 d - 5 rations
 r - a chunk of flesh


   Skills:
 * Level 4.0 Fighting
 + Level 2.5 Axes
 + Level 1.0 Armour
 + Level 2.6 Dodging
 * Level 3.5 Spellcasting
 + Level 1.0 Hexes
 + Level 3.1 Charms
 + Level 0.1 Necromancy


You had 3 spell levels left.
You knew the following spells:

 Your Spells              Type           Power        Failure   Level  Hunger
a - Infusion              Chrm           ###.         3%          1    None
b - Shroud of Golubria    Chrm/Tloc      #.....       11%         2    ##.....
c - Song of Slaying       Chrm           ###.....     5%          2    ##.....
d - Spectral Weapon       Hex/Chrm       ##......     17%         3    ###....

Your spell library contained the following spells:

 Spells                   Type           Power        Failure   Level  Hunger
 Ozocubu's Armour         Chrm/Ice       #.......     22%         3    ###....


Dungeon Overview and Level Annotations

Branches:
Dungeon (4/15)
 Temple: D:4-7

Altars:
Ashenzari
Hepliaklqana
Kikubaaqudgha

Annotations:
D:4 Robin


Innate Abilities, Weirdness & Mutations

You are too large for most types of armour.
You have tough skin. (AC +1)


Message History

You hit the goblin. You hit the hound.
You are no longer magically infusing your attacks.
The hound closely misses you. Robin closely misses you.
The goblin hits you but does no damage. The hound bites you but does no damage.
Robin hits you with a +0 vampiric trident!
* * * LOW HITPOINT WARNING * * *
Robin draws strength from your wounds!
Okay, then.
The hobgoblin no longer looks unusually strong.
The hound bites you but does no damage.
Okay, then.
The goblin no longer looks unusually strong.
Robin barely misses you. The hound bites you but does no damage.
There is a stone staircase leading down here.
Robin barely misses you.
Your magical contamination has completely faded away.
The goblin no longer looks unusually strong.
Robin hits you with a +0 vampiric trident!
You die...
Kikubaaqudgha rasps: "You have failed me!
Welcome... death!"

# #. .###
..#+####
###......#
#<#......#
#@#......#
#.g......####
#####g.......
#.g........
#.#S.......
#g†.....###
#.g).......
#.........#
#g#####...#


You could see Robin (berserk) and a hobgoblin.

Vanquished Creatures
  A vampire bat (D:3)
  An adder (D:3)
  An ooze (D:3)
  A worm (D:2)
  2 dart slugs (D:3)
  A leopard gecko (D:3)
  3 orcs (D:3)
  4 bat skeletons (D:3)
  3 bat zombies (D:3)
  A giant cockroach (D:2)
  14 goblins
  3 hobgoblins
  16 jackals
  7 kobolds
  A quokka (D:2)
  11 bats
  2 frilled lizards
  14 rats
86 creatures vanquished.

Notes
Turn   | Place    | Note
-------+----------+-------------------------------------------
     0 | D:1      | chickenBob the Ogre Skald began the quest for the Orb.
     0 | D:1      | Reached XP level 1. HP: 22/22 MP: 3/3
   627 | D:1      | Reached skill level 3 in Fighting
   627 | D:1      | Reached XP level 2. HP: 22/31 MP: 0/5
   679 | D:1      | Learned a level 2 spell: Shroud of Golubria
   682 | D:1      | Learned a level 2 spell: Song of Slaying
  1171 | D:1      | Reached XP level 3. HP: 37/37 MP: 0/7
  1191 | D:1      | Learned a level 3 spell: Spectral Weapon
  2079 | D:2      | Found a hazy altar of Hepliaklqana.
  2567 | D:2      | Reached XP level 4. HP: 42/45 MP: 8/8
  2901 | D:3      | Found a shattered altar of Ashenzari.
  3045 | D:3      | Found an ancient bone altar of Kikubaaqudgha.
  3059 | D:3      | Reached skill level 4 in Fighting
  3059 | D:3      | Reached XP level 5. HP: 54/54 MP: 3/10
  3162 | D:3      | Reached skill level 1 in Hexes
  3303 | D:3      | Became a worshipper of Kikubaaqudgha
  3401 | D:3      | Reached skill level 1 in Armour
  3702 | D:4      | Noticed Robin
  3721 | D:4      | Slain by Robin

Illustrated notes

Levels and vault maps discovered:
D:1:      psy_arrival_statuary, layout_basic
D:2:      layout_loops_cross, old_standard_altar
D:3:      layout_rooms, old_standard_altar, kennysheep_vampire_church,
          first_ration
D:4:      layout_basic, lemuel_doored_altar, led_sif_pool,
          chequers_temple_overflow_statue_of_worship,
          cheibrodos_sewer_entry_drain, minmay_ruined_shrine, uniq_robin

Skill      XL: |  1  2  3  4  5 |
---------------+----------------+-----
Fighting       | 3 4 |  4.0
Spellcasting   | 3 |  3.5
Charms         | 3 |  3.1
Hexes          | 1 |  1.0
Armour         | 1 |  1.0
Axes           | |  2.5
Dodging        | |  2.6
Necromancy     | |  0.1

Action                   |  1- 3 |  4- 6 || total
-------------------------+-------+-------++-------
Melee: Hand axe          |    25 |    55 ||    80
       Dagger            |    95 |    31 ||   126
 Cast: Infusion          |    14 |     7 ||    21
       Shroud of Golubri |     4 |     5 ||     9
       Song of Slaying   |       |     1 ||     1
  Use: Scroll            |       |     7 ||     7
  Eat: Chunk             |     5 |     4 ||     9
Armor: Robe              |    73 |    94 ||   167
Dodge: Dodged            |    78 |   108 ||   186

Table legend:
 A = Non-vault XP
 B = Vault XP
 C = Vault XP percentage of total XP
 D = Non-vault monster count
 E = Vault monster count
 F = Vault count percentage of total count
                 A         B        C        D         E       F
            +---------+---------+-------+---------+---------+-------
      Total |     149 |      81 |  35.2 |      73 |      13 |  15.1
            +---------+---------+-------+---------+---------+-------
        D:1 |      43 |       0 |   0.0 |      28 |       0 |   0.0
        D:2 |      40 |       0 |   0.0 |      22 |       0 |   0.0
        D:3 |      66 |      71 |  51.8 |      23 |       8 |  25.8
        D:4 |       0 |      10 | 100.0 |       0 |       5 | 100.0
            +---------+---------+-------+---------+---------+-------
